 Dungeon Crawl Stone Soup version 0.26.1-11-gd32895ea62 (webtiles) character file.

Game seed: 5488006682847370885

2568 pascalblue the Destroyer (level 9, 0/45 HPs)
             Began as a Deep Elf Conjurer on May 3, 2021.
             Was a Follower of Vehumet.
             Shot with an arrow by a centaur (4 damage)
             ... on level 8 of the Dungeon.
             The game lasted 00:28:15 (8652 turns).

pascalblue the Destroyer (Deep Elf Conjurer)        Turns: 8652, Time: 00:28:15

Health: 0/45       AC:  6    Str:  4    XL:     9   Next: 31%
Magic:  31/31      EV: 13    Int: 33    God:    Vehumet [*.....]
Gold:   441        SH:  0    Dex: 13    Spells: 5/23 levels left

rFire    . . .     SeeInvis .   z - +5 hand axe "X" {holy, rC+}
rCold    + . .     Faith    .   (no shield)
rNeg     . . .     Spirit   .   a - +0 robe
rPois    .         Reflect  .   (no helmet)
rElec    .         Harm     .   G - +1 cloak {Will+}
rCorr    .         Rampage  .   C - +1 pair of gloves
Will     +....                  (no boots)
Stlth    ++........             h - amulet of magic regeneration
HPRegen  0.15/turn              o - ring of magical power
MPRegen  0.47/turn              x - +6 ring of intelligence

@: no status effects
A: no striking features
a: Renounce Religion


You were on level 8 of the Dungeon.
You worshipped Vehumet.
Vehumet was aware of your devotion.
You visited 2 branches of the dungeon, and saw 9 of its levels.

You collected 441 gold pieces.

Inventory:

Hand Weapons
 g - a +0 short sword
 u - a +2 dire flail of holy wrath
 z - the +5 hand axe "X" (weapon) {holy, rC+}
   (You found it on level 4 of the Dungeon)

   It has been blessed by the Shining One to cause great damage to the undead
   and demons.
   It protects you from cold.
Missiles
 p - 18 poisoned darts
Armour
 a - a +0 robe (worn)
 r - a +0 pair of gloves
 B - a +0 cloak
 C - a +1 pair of gloves (worn)
 G - a +1 cloak of willpower (worn)
Jewellery
 h - an amulet of magic regeneration (around neck)
 i - a +6 ring of dexterity
 j - an uncursed amulet of the acrobat
 o - a ring of magical power (left hand)
 s - an uncursed ring of fire
 x - a +6 ring of intelligence (right hand)
 H - an uncursed amulet of reflection
Wands
 m - a wand of disintegration (15)
 y - a wand of polymorph (15)
Scrolls
 d - 3 scrolls of amnesia
 k - a scroll of remove curse
 l - 2 scrolls of magic mapping
 A - 4 scrolls of teleportation
 E - a scroll of fear
 F - a scroll of identify
Potions
 c - 11 potions of curing
 e - 4 potions of haste
 f - 2 potions of cancellation
 n - 2 potions of degeneration
 q - 4 potions of lignification
 t - 2 potions of flight
 v - a potion of heal wounds {unknown}
 w - 2 potions of attraction
 D - 2 potions of brilliance {unknown}


   Skills:
 - Level 3.0 Dodging
 - Level 2.4 Stealth
 + Level 7.6 Spellcasting
 * Level 10.4 Conjurations
 + Level 5.8 Hexes
 + Level 3.3 Fire Magic
 * Level 4.9 Earth Magic


You had 5 spell levels left.
You knew the following spells:

 Your Spells              Type           Power        Failure   Level
a - Magic Dart            Conj           100%         1%          1
b - Searing Ray           Conj           100%         1%          2
c - Fulminant Prism       Conj/Hex       30%          1%          4
d - Inner Flame           Hex/Fire       42%          1%          3
e - Lee's Rapid Deconstr  Erth           22%          13%         5
f - Conjure Flame         Conj/Fire      55%          1%          3

Your spell library contained the following spells:

 Spells                   Type           Power        Failure   Level
 Shock                    Conj/Air       100%         1%          1
 Corona                   Hex            55%          1%          1
 Foxfire                  Conj/Fire      100%         1%          1
 Sandblast                Erth           90%          1%          1
 Ensorcelled Hibernation  Hex/Ice        62%          1%          2
 Passwall                 Tmut/Erth      23%          1%          2
 Confusing Touch          Hex            50%          1%          3
 Dazzling Flash           Conj/Hex       100%         1%          3
 Stone Arrow              Conj/Erth      100%         1%          3
 Tukima's Dance           Hex            50%          1%          3
 Sticky Flame             Conj/Fire      55%          2%          4
 Iskenderun's Mystic Bla  Conj/Tloc      47%          4%          4
 Fireball                 Conj/Fire      27%          6%          5
 Petrify                  Tmut/Erth      28%          13%         4


Dungeon Overview and Level Annotations

Branches:
Dungeon (8/15)             Temple (1/1) D:6
   Lair: D:8-11

Altars:
Cheibriados
Dithmenos
Elyvilon
Fedhas
Gozag
Hepliaklqana
Kikubaaqudgha
Makhleb
Nemelex Xobeh
Okawaru
Qazlal
Ru
Sif Muna
Trog
Uskayaw
Vehumet
Wu Jian
Xom
Yredelemnul
Zin
The Shining One

Shops:
D:7 :


Message History

The centaur shouts! x2
The centaur wields a +0 shortbow.
The centaur shoots an arrow.
The arrow hits you.
You see here an arrow.
The centaur wields a +0 shortbow.
The centaur shoots an arrow.
The arrow hits you!
You see here an arrow.
The centaur shoots an arrow.
The arrow closely misses you.
You see here an arrow.
The centaur shoots an arrow.
The arrow hits you!
* * * LOW HITPOINT WARNING * * *
The centaur shoots an arrow.
The arrow hits you.
* * * LOW HITPOINT WARNING * * *
You see here 2 arrows.
As you read the scroll of fog, it crumbles to dust.
The scroll dissolves into smoke.
You hear the quick hiss of an avalanche of sand nearby.
Found a rapier.
The centaur shoots an arrow.
The arrow hits you.
You die...

*,* *,* *,,,,* #)## *,* #.*
*,######.## *,*
****#.*******,#........ *,*
*,,,..,,,,,,,,#.####.## *,*
*,**#.#########.## #.# *,*
*,* #.#§§§§§(.cc.# #.# *,*
**,* #.#c#######..# #.#
*,***#..###.#§#*****#..# #.#
*,,,,.......@§§........# #.#
*******##)....§§########.#
*.#* ***,+*****##+......####
*.# *,,*
*,,,*,,,*,,,#.........# *.#
**,* *,,**,>,*,>,#####..##.#
*c# *,* *,***,,,*,,,*
#..##.# *,* *,* *,*
********* #..##.## *,* *,*
*,* *,,,*,,,*####....#.##*,*
*,,
*,###,>,*,∩,*#......###.##.#
*,,


You could see a centaur.

Vanquished Creatures
  Duvessa (D:4)
  2 sky beasts (D:8)
  Purgy (D:3)
  An orc warrior (D:6)
  A black bear (D:6)
  2 ogres
  A phantom (D:8)
  A centaur (D:7)
  4 bullfrogs
  Dowan (D:4)
  A water moccasin zombie (D:8)
  A scorpion (D:5)
  5 killer bees
  A howler monkey (D:6)
  A crimson imp (D:4)
  A bullfrog zombie (D:8)
  3 hounds
  2 bullfrog skeletons
  4 orc priests
  A jelly (D:6)
  7 orc wizards
  4 worker ants
  A hound zombie (D:8)
  2 hound skeletons (D:7)
  3 gnolls (D:7)
  14 adders
  4 white imps
  2 ufetubi
  2 oozes
  An adder skeleton (D:6)
  A worm (D:4)
  3 dart slugs
  3 leopard geckos
  22 orcs
  4 giant cockroaches
  6 hobgoblins
  2 jackals (D:8)
  8 kobolds
  6 quokkas
  3 ball pythons
  8 bats
  9 frilled lizards
  8 goblins
  A leopard gecko skeleton (D:4)
  A quokka skeleton (D:4)
  2 quokka zombies
  6 rats
168 creatures vanquished.

Vanquished Creatures (others)
  2 fulminant prisms (D:6)
2 creatures vanquished.

Grand Total: 170 creatures vanquished

Notes
Turn   | Place    | Note
-------+----------+-------------------------------------------
     0 | D:1      | pascalblue the Deep Elf Conjurer began the quest for the
                  | Orb.
     0 | D:1      | Reached XP level 1. HP: 10/10 MP: 6/6
   207 | D:1      | Reached XP level 2. HP: 15/15 MP: 2/8
   334 | D:1      | Reached skill level 5 in Conjurations
  1231 | D:2      | Reached XP level 3. HP: 19/19 MP: 7/9
  1572 | D:2      | Reached skill level 6 in Conjurations
  1573 | D:2      | Reached XP level 4. HP: 24/24 MP: 7/10
  1576 | D:2      | Learned a level 2 spell: Searing Ray
  1581 | D:2      | Learned a level 4 spell: Fulminant Prism
  2564 | D:2      | Reached XP level 5. HP: 28/28 MP: 12/12
  2569 | D:2      | Reached skill level 1 in Hexes
  3361 | D:3      | Noticed Purgy
  3370 | D:3      | Killed Purgy
  3371 | D:3      | Reached skill level 7 in Conjurations
  3371 | D:3      | Reached XP level 6. HP: 32/32 MP: 14/14
  4002 | D:4      | Noticed Duvessa
  4002 | D:4      | Noticed Dowan
  4009 | D:4      | Killed Duvessa
  4009 | D:4      | Killed Dowan
  4010 | D:4      | Reached skill level 5 in Spellcasting
  4010 | D:4      | Reached skill level 8 in Conjurations
  4010 | D:4      | Reached XP level 7. HP: 10/36 MP: 16/17
  4625 | D:4      | Got an ichor-stained hand axe
  4626 | D:4      | Identified the +5 hand axe "X" {holy, rC+} (You found it on
                  | level 4 of the Dungeon)
  4766 | D:5      | Entered Level 5 of the Dungeon
  5543 | D:6      | Reached skill level 9 in Conjurations
  5914 | D:6      | Found a staircase to the Ecumenical Temple.
  5929 | Temple   | Entered the Ecumenical Temple
  5969 | Temple   | Became a worshipper of Vehumet
  6091 | D:6      | Learned a level 3 spell: Inner Flame
  6097 | D:6      | Learned a level 5 spell: Lee's Rapid Deconstruction
  6101 | D:6      | Learned a level 3 spell: Conjure Flame
  6163 | D:6      | Reached XP level 8. HP: 31/41 MP: 19/19
  6292 | D:6      | Reached skill level 1 in Earth Magic
  6349 | D:6      | Reached skill level 1 in Fire Magic
  7542 | D:7      | Reached skill level 5 in Hexes
  7949 | D:7      | Found Xoagerut's Book Shoppe.
  8183 | D:8      | Reached skill level 10 in Conjurations
  8396 | D:8      | Reached XP level 9. HP: 45/45 MP: 21/21
  8522 | D:8      | Reached * piety under Vehumet
  8522 | D:8      | Offered knowledge of Shock by Vehumet.
  8652 | D:8      | Shot with an arrow by a centaur

Illustrated notes

Levels and vault maps discovered:
D:1:      kilobyte_arrival_exit_the_forest, layout_basic, minmay_tetromino_i4
D:2:      layout_basic, kennysheep_generic_room_5
D:3:      minmay_door_path, layout_basic, uniq_purgy
D:4:      layout_cave_pods, minmay_misc_feat_x, minmay_fire_ice_demons,
          uniq_duvessa
D:5:      layout_gridville
D:6:      layout_loops_ring, minmay_temple_entry_offerings
D:7:      layout_loops_corners, serial_shops, nicolae_shop_behind_doors
D:8:      minmay_angry_zag, layout_loops_ring,
          nicolae_ossuary_entry_false_entrances
Temple:   kilobyte_greek_temple

Skill      XL: |  1  2  3  4  5  6  7  8  9 |
---------------+----------------------------+-----
Conjurations   | 5 6 7 8 9 10 | 10.4
Hexes          | 1 3 5 |  5.8
Spellcasting   | 4 5 6 7 |  7.6
Earth Magic    | 4 |  4.9
Dodging        | 3 |  3.0
Fire Magic     | 2 3 |  3.3
Stealth        | |  2.4

Action                   |  1- 3 |  4- 6 |  7- 9 || total
-------------------------+-------+-------+-------++-------
Melee: Short sword       |       |     6 |       ||     6
 Cast: Magic Dart        |    66 |    85 |   111 ||   262
       Searing Ray       |       |    11 |    36 ||    47
       Fulminant Prism   |       |       |     2 ||     2
  Use: Scroll            |       |       |    18 ||    18
Armor: Robe              |     1 |     1 |    10 ||    12
Dodge: Dodged            |     8 |     9 |    31 ||    48
